 Dungeon Crawl Stone Soup version 0.28-a0-1415-g7c84da036a (webtiles) character file.

Game seed: 8695088700990618318

256 gimp the Skirmisher (level 5, 0/44 HPs)
             Began as a Mummy Wanderer on Jan 8, 2022.
             Slain by an orc wizard (2 damage)
             ... on level 4 of the Dungeon.
             The game lasted 00:07:58 (3962 turns).

gimp the Skirmisher (Mummy Wanderer)                Turns: 3962, Time: 00:07:59

Health: 0/44       AC:  3    Str: 16    XL:     5   Next: 92%
Magic:  7/7        EV: 10    Int: 13    God:
Gold:   107        SH:  0    Dex: 11    Spells: 5/6 levels left

rFire   . . .      SeeInvis .   a - +0 hand axe
rCold   + . .      Faith    .   b - +0 buckler
rNeg    + + +      Spirit   .   c - +0 leather armour
rPois   ∞          Reflect  .   (no helmet)
rElec   .          Harm     .   (no cloak)
rCorr   .          Rampage  .   (no gloves)
Will    .....                   (no boots)
Stlth   +.........              f - amulet of magic regeneration
HPRegen 0.14/turn               i - ring of protection from fire
MPRegen 0.50/turn               (no ring)

@: confused
A: cold resistance 1, negative energy resistance 3, torment resistance 2, heat
vulnerability 1, no potions
a: no special abilities


You were on level 4 of the Dungeon.
You visited 1 branch of the dungeon, and saw 4 of its levels.

You collected 107 gold pieces.

Inventory:

Hand Weapons
 a - a +0 hand axe (weapon)
Missiles
 h - 4 poisoned darts (quivered)
Armour
 b - a +0 buckler (worn)
 c - a +0 leather armour (worn)
Jewellery
 f - an amulet of magic regeneration (around neck)
 i - a ring of protection from fire (left hand)
Wands
 j - a wand of digging (4)
Scrolls
 d - a scroll of vulnerability {unknown}
 e - 2 scrolls of teleportation {unknown}
 g - 2 scrolls of identify {unknown}
 k - a scroll of enchant weapon {unknown}


   Skills:
 - Level 5.0 Fighting
 - Level 1.5 Axes
 + Level 2.4 Armour
 - Level 1.0 Shields
 - Level 1.3 Spellcasting
 - Level 3.2 Conjurations
 - Level 1.0 Evocations


You had 5 spell levels left.
You knew the following spells:

 Your Spells              Type           Power      Damage    Failure   Level
a - Magic Dart            Conj           36%        1d4       12%         1

Your spell library contained the following spells:

 Spells                   Type           Power      Damage    Failure   Level
 Gell's Gravitas          Tloc           0%         N/A       80%         3
 Lesser Beckoning         Tloc           0%         N/A       80%         3
 Teleport Other           Tloc           0%         N/A       80%         3
 Fulminant Prism          Conj/Hex       2%         3d6       93%         4
 Iskenderun's Mystic Bla  Conj/Tloc      5%         2d3       93%         4


Dungeon Overview and Level Annotations

Branches:
Dungeon (4/15)
 Temple: D:4-7

Altars:
Ashenzari

Shops:
D:1 !   D:3 *

Annotations:
D:2 exclusion: downstairs, Sigmund


Innate Abilities, Weirdness & Mutations

You are immune to poison.
Your flesh is cold resistant. (rC+)
You are immune to negative energy. (rN+++)
You are immune to unholy pain and torment.
You are vulnerable to heat. (rF-)
You do not drink.


Message History

You barely miss something. Something hits you.
* * * LOW HITPOINT WARNING * * *
You take 3 damage, and have 5/44 hp.
You hit something.
You feel less confused. Something hits you but does no damage.
Throw: 8 darts (poison)
Press: ? - help, Q - select action, (/) - cycle Shift-Dir - straight line, f/p - orc
Aim: an orc, wielding a +0 hand axe and wearing a +0 leather armour (57% to hit)
You throw a poisoned dart. The poisoned dart hits the orc.
The orc is poisoned.
Something hits you but does no damage.
Throw: 7 darts (poison)
Press: ? - help, Q - select action, (/) - cycle Shift-Dir - straight line, f/p - orc
Aim: an orc, wielding a +0 hand axe and wearing a +0 leather armour (poisoned, 57% to hit)
You throw a poisoned dart.
The poisoned dart barely misses the orc.
Something hits you.
* * * LOW HITPOINT WARNING * * *
You take 2 damage, and have 3/44 hp.
Throw: 6 darts (poison)
Press: ? - help, Q - select action, (/) - cycle Shift-Dir - straight line, f/p - orc
Aim: an orc, wielding a +0 hand axe and wearing a +0 leather armour (moderately wounded, poisoned, 57% to hit)
You throw a poisoned dart.
The poisoned dart completely misses the orc.
Something hits you but does no damage. x2
Throw: 5 darts (poison)
Press: ? - help, Q - select action, (/) - cycle Shift-Dir - straight line, f/p - orc
Aim: an orc, wielding a +0 hand axe and wearing a +0 leather armour (severely wounded, poisoned, 57% to hit)
You throw a poisoned dart.
You hear some strange, mumbled words.
You are confused.
You closely miss something.
You kill the orc!
Something hits you but does no damage.
You closely miss something. Something hits you.
* * * LOW HITPOINT WARNING * * *
You take 2 damage, and have 2/44 hp.
Unknown command.
You miss something. Something hits you.
You die...

###.......##.#.)..........#
##...##.#.##(#.#.#.#.#.^..#.#
........#.#....#.#..........
.#...##.#..###.#.###.#..##.#
.##.###.#<###...........#
.##†# #...##.##..)...)[.#
.##(# #...###.#.###..#..#
.##.# ###[.###.########.#
.##.# #.....){@.......:#
..#.#####..#.#########..##
..#........#.# ##K#
..########.# # ..# .<# ....
#.# ..# ####.# #.# .######.#
# ........# #######.#


There were no monsters in sight!

Vanquished Creatures
  A necrophage (D:4)
  A scorpion zombie (D:4)
  An orc wizard (D:4)
  A killer bee zombie (D:4)
  A hound skeleton (D:4)
  2 adders
  An ufetubus (D:4)
  2 dart slugs
  3 orcs
  6 bats
  An endoplasm (D:2)
  3 giant cockroaches
  9 goblins
  6 hobgoblins
  5 kobolds
  2 quokkas
  6 ball pythons
  3 frilled lizards
  4 rats
58 creatures vanquished.

Notes
Turn   | Place    | Note
-------+----------+-------------------------------------------
     0 | D:1      | gimp the Mummy Wanderer began the quest for the Orb.
     0 | D:1      | gimp set off with the following items: a +0 hand axe, a +0
                  | buckler, a +0 leather armour; and the following spell
                  | memorised: Magic Dart; and the following spells available
                  | to memorise: Fulminant Prism, Iskenderun's Mystic Blast
     0 | D:1      | Reached XP level 1. HP: 15/15 MP: 2/2
   395 | D:1      | Reached skill level 2 in Fighting
   406 | D:1      | Reached XP level 2. HP: 19/22 MP: 4/4
  1136 | D:1      | Reached skill level 3 in Fighting
  1341 | D:1      | Reached XP level 3. HP: 28/29 MP: 5/5
  1424 | D:1      | Found Diul's Distillery.
  1819 | D:2      | Identified the +4 hunting sling "Tuinkal" {flame, rF- Will+
                  | Str+3 Int+6}
  1911 | D:2      | Noticed Sigmund
  2106 | D:3      | Found a broken altar of Ashenzari.
  2168 | D:3      | Reached XP level 4. HP: 33/37 MP: 6/6
  2270 | D:3      | Found Roaneda's General Store.
  2507 | D:3      | Noticed a black bear
  2583 | D:4      | Noticed a necrophage
  2603 | D:4      | Killed a necrophage
  2604 | D:4      | Reached skill level 4 in Fighting
  2604 | D:4      | Reached skill level 1 in Armour
  2604 | D:4      | Reached XP level 5. HP: 13/43 MP: 7/7
  3683 | D:4      | Reached skill level 5 in Fighting
  3961 | D:4      | HP: 2/44 [something (2)]
  3962 | D:4      | Slain by an orc wizard

Illustrated notes

Levels and vault maps discovered:
D:1:      dpeg_arrival_chambers_temple_mockup, layout_basic, serial_shops, shop,
          minmay_misc_feat_tiny
D:2:      layout_basic, hellmonk_ecumenical_altar_run_dry, uniq_sigmund
D:3:      layout_basic, ashenzari_conservatory_becter, serial_shops,
          nicolae_shop_statue_plus, minivault_14, kennysheep_generic_room_4
D:4:      layout_loops_ring, mainiacjoe_overflow_cross_hatched,
          minmay_manual_monolith

Skill      XL: |  1  2  3  4  5 |
---------------+----------------+-----
Fighting       | 2 3 4 5 |  5.0
Armour         | 1 2 |  2.4
Axes           | |  1.5
Shields        | |  1.0
Spellcasting   | |  1.3
Conjurations   | |  3.2
Evocations     | |  1.0

Action                   |  1- 3 |  4- 6 || total
-------------------------+-------+-------++-------
Melee: Hand axe          |   135 |   127 ||   262
Throw: Dart              |       |     7 ||     7
  Use: Scroll            |     1 |       ||     1
 Stab: Sleeping          |     1 |       ||     1
Armor: Leather armour    |    48 |    30 ||    78
Dodge: Dodged            |    75 |    66 ||   141
Block: Buckler           |    23 |    11 ||    34

Table legend: (Time is in decaauts)
 A = Elapsed time spent in this place.
 B = Non-inter-level travel time spent in this place.
 C = Inter-level travel time spent in this place.
 D = Time resting spent in this place.
 E = Time spent auto-exploring this place.
 F = Levels seen in this place.
 G = Mean time per level.
                   A        B        C        D        E       F      G
               +--------+--------+--------+--------+--------+-----+--------+
         Total |   4034 |   3939 |     95 |    598 |   2677 |   4 | 1008.5 |
       Dungeon |   4034 |   3939 |     95 |    598 |   2677 |   4 | 1008.5 |
               +--------+--------+--------+--------+--------+-----+--------+

Top non-repeatable levels by time:
     D:1: 1566 daAuts
     D:3: 1244 daAuts
     D:4: 823 daAuts
     D:2: 400 daAuts
